 Dungeon Crawl Stone Soup version 0.30-a0-728-gc68057be0a (webtiles) character file.

Game seed: 17072265978530755795

406 Dittersdorf the Shield-Bearer (level 6, -6/40 HPs)
             Began as a Gargoyle Fighter on Jan 30, 2023.
             Mangled by Crazy Yiuf
             ... wielding a +4 quarterstaff of chaos
              (7 damage)
             ... on level 4 of the Dungeon.
             The game lasted 00:06:10 (3931 turns).

Dittersdorf the Shield-Bearer (Gargoyle Fighter)    Turns: 3931, Time: 00:06:11

Health: -6/40      AC: 16    Str: 22    XL:     6   Next: 87%
Magic:  6/6        EV: 12    Int:  8    God:
Gold:   259        SH:  0    Dex:  9    Spells: 5/5 levels left

rFire   . . .      SeeInvis .    a - +0 flail
rCold   . . .      Faith    .    c - +0 buckler
rNeg    + . .      Spirit   .    h - +0 chain mail
rPois   ∞          Reflect  .    (no helmet)
rElec   +          Harm     .    (no cloak)
rCorr   .          Rampage  .    o - +0 pair of gloves
Will    .....                    b - +0 pair of boots Stlth
                                 (no amulet)
HPRegen 0.26/turn                j - +5 ring of evasion
MPRegen 0.10/turn                x - ring of wizardry

@: confused
A: sickness immunity, AC +4, negative energy resistance 1, electricity
resistance, torment resistance 1, petrification resistance
a: no special abilities


You were on level 4 of the Dungeon.
You visited 1 branch of the dungeon, and saw 4 of its levels.

You collected 259 gold pieces.

Inventory:

Hand Weapons
 a - a +0 flail (weapon)
Armour
 b - a +0 pair of boots (worn)
 c - a +0 buckler (worn)
 h - a +0 chain mail (worn)
 o - a +0 pair of gloves (worn)
Jewellery
 j - a +5 ring of evasion (left hand)
 x - a ring of wizardry (right hand)
Scrolls
 e - 15 scrolls of identify {unknown}
 g - 2 scrolls of poison {unknown}
 k - 4 scrolls of teleportation {unknown}
 n - 4 scrolls of noise {unknown}
 p - 2 scrolls of brand weapon {unknown}
 q - 2 scrolls of amnesia {unknown}
 r - a scroll of blinking {unknown}
 s - a scroll of fear {unknown}
 v - a scroll of magic mapping {unknown}
 w - a scroll of enchant weapon {unknown}
Potions
 d - 2 potions of might
 f - a potion of berserk rage
 i - 3 potions of degeneration {unknown}
 l - 3 potions of curing {unknown}
 m - a potion of mutation {unknown}
 t - a potion of ambrosia {unknown}
 u - a potion of heal wounds {unknown}


   Skills:
 + Level 4.9 Fighting
 + Level 3.9 Maces & Flails
 + Level 5.0 Armour
 + Level 5.0 Shields


You had 5 spell levels left.
You didn't know any spells.
Your spell library contained the following spells:

 Spells                   Type           Power      Damage    Failure   Level
 Sandblast                Erth           0%         2d4       85%         1
 Passwall                 Tmut/Erth      0%         N/A       92%         2
 Stone Arrow              Conj/Erth      0%         3d7       99%         3


Dungeon Overview and Level Annotations

Branches:
Dungeon (4/15)
 Temple: D:4-7

Altars:
Nemelex Xobeh
Uskayaw
Yredelemnul

Annotations:
D:4 Crazy Yiuf


Innate Abilities, Weirdness & Mutations

You are immune to sickness and miasma.
Your stone body is resilient. (AC +4)
You are immune to poison.
You resist negative energy. (rN+)
You are resistant to electric shocks. (rElec)
You are resistant to unholy torment.
You are immune to petrification.


Message History

The orc wizard is heavily wounded.
The orc wizard hits you but does no damage.
You hit the orc wizard but do no damage.
The orc wizard is heavily wounded.
The orc wizard misses you.
You sock the orc wizard!
You kill the orc wizard!
Your Armour skill increases to level 5!
Your Shields skill increases to level 5!
Things that are here:
a +0 dagger; a +0 robe You start resting.
HP restored.
x - a ring of wizardry
x - a ring of wizardry (right hand)
p - 2 scrolls labelled FONYST XULAD (gained 1)
You open the door.
There is an open door here.
You now have 259 gold pieces (gained 14).
You see here a +0 short sword.
Found a stone staircase leading up.
You see here a +0 dagger.
e - 15 scrolls labelled UGACEF EMABOG (gained 1)
You see here a +0 dagger.
Crazy Yiuf shouts!
Could not explore, unopened runed door.
You open the door.
Crazy Yiuf drinks a potion.
Crazy Yiuf goes berserk!
Crazy Yiuf hits you with a +4 quarterstaff of chaos.
You are confused.
Crazy Yiuf hits you with a +4 quarterstaff of chaos!
There is an open translucent door here.
You hit Crazy Yiuf but do no damage.
Crazy Yiuf hits you with a +4 quarterstaff of chaos!
You miss Crazy Yiuf. Crazy Yiuf barely misses you.
Crazy Yiuf hits you with a +4 quarterstaff of chaos!
* * * LOW HITPOINT WARNING * * *
Crazy Yiuf hits you with a +4 quarterstaff of chaos!
* * * LOW HITPOINT WARNING * * *
Space warps around you!
You die...

#..........................#
#..........................#
#####......######....##...##
######## #....##...'.
#....##.(.#. #####
#....##...#. #)..#
#....####.#. #...# #....#
#.## #.g@# ###.## #.# ##'##
#.# #.# ♣.♣♣ #.# #.# ♣♣.♣
#.# #.# ♣.♣♣ #.# #.# ♣♣.♣
#.# #.## ♣♣.♣♣ #.# #...
♣♣.P.♣ #.# #### ♣.PPP♣ #.# #


You could see Crazy Yiuf (berserk).

Vanquished Creatures
  A necrophage (D:4)
  2 orc priests
  A jelly (D:4)
  An iguana (D:4)
  4 orc wizards
  3 adders
  18 orcs
  4 endoplasms
  5 giant cockroaches
  5 goblins
  5 hobgoblins
  4 jackals (D:1)
  7 quokkas
  6 ball pythons
  4 bats
  5 frilled lizards
  6 kobolds
  13 rats
94 creatures vanquished.

Notes
Turn   | Place    | Note
-------+----------+-------------------------------------------
     0 | D:1      | Dittersdorf the Gargoyle Fighter began the quest for the
                  | Orb.
     0 | D:1      | Reached XP level 1. HP: 14/14 MP: 1/1
   282 | D:1      | Reached XP level 2. HP: 19/19 MP: 2/2
   695 | D:1      | Reached XP level 3. HP: 23/23 MP: 3/3
  1491 | D:2      | Found a faded altar of an unknown god.
  1755 | D:2      | Found a sparkling altar of Nemelex Xobeh.
  1822 | D:2      | Identified the +3 dagger "Murmur" {venom, rCorr Str+2
                  | Int+2}
  1923 | D:2      | Reached XP level 4. HP: 29/29 MP: 4/4
  2480 | D:2      | Reached XP level 5. HP: 33/33 MP: 5/5
  3003 | D:4      | Found a runed translucent door.
  3004 | D:4      | Noticed Crazy Yiuf
  3199 | D:4      | Reached XP level 6. HP: 39/39 MP: 6/6
  3240 | D:4      | Found a hide-covered altar of Uskayaw.
  3276 | D:4      | Found a basalt altar of Yredelemnul.
  3618 | D:4      | Reached skill level 5 in Armour
  3618 | D:4      | Reached skill level 5 in Shields
  3931 | D:4      | HP: 1/40 [Crazy Yiuf/+4 quarterstaff of chaos (10)]
  3931 | D:4      | Mangled by Crazy Yiuf

Illustrated notes

Levels and vault maps discovered:
D:1:      kilobyte_arrival_exit_the_forest, layout_basic,
          minmay_misc_feat_roman, minmay_rat_gold_closets
D:2:      layout_basic, basic_altar, dreamdust_ecumenical_altar_statues,
          minmay_heptomino_w4
D:3:      layout_loops_ring
D:4:      layout_basic, nicolae_uskayaw_murder_on_the_dancefloor,
          mainiacjoe_overflow_cross_hatched, uniq_crazy_yiuf_cottage

Skill      XL: |  1  2  3  4  5  6 |
---------------+-------------------+-----
Armour         | 4 5 |  5.0
Shields        | 4 5 |  5.0
Fighting       | 4 |  4.9
Maces & Flails | 3 |  3.9

Action                     |  1- 3 |  4- 6 || total
---------------------------+-------+-------++-------
  Melee: Flail             |   143 |   204 ||   347
 Armour: Scale mail        |    38 |       ||    38
         Chain mail        |    57 |   143 ||   200
  Dodge: Dodged            |    59 |    83 ||   142
  Block: Buckler           |    42 |    45 ||    87

Table legend: (Time is in decaauts)
 A = Elapsed time spent in this place.
 B = Non-inter-level travel time spent in this place.
 C = Inter-level travel time spent in this place.
 D = Time resting spent in this place.
 E = Time spent auto-exploring this place.
 F = Levels seen in this place.
 G = Mean time per level.
                   A        B        C        D        E       F      G
               +--------+--------+--------+--------+--------+-----+--------+
         Total |   4045 |   3947 |     98 |    294 |   2775 |   4 | 1011.2 |
       Dungeon |   4045 |   3947 |     98 |    294 |   2775 |   4 | 1011.2 |
               +--------+--------+--------+--------+--------+-----+--------+

Top non-repeatable levels by time:
     D:1: 1315 daAuts
     D:4: 980 daAuts
     D:3: 933 daAuts
     D:2: 816 daAuts
